 Seeded DCSS version 0.29-a0-923-g6e406bff71 (webtiles) character file.

Game seed: 20220728 (custom seed)

472 purpskrrrp the Covert (level 7, -2/44 (46) HPs)
             Began as an Octopode Delver on July 28, 2022.
             Slain by a wight
             ... wielding a +0 trident
              (10 damage)
             ... on level 6 of the Dungeon.
             The game lasted 00:03:54 (1291 turns).

purpskrrrp the Covert (Octopode Delver)             Turns: 1291, Time: 00:03:55

HP:   -2/44 (46)    AC:  1    Str: 14    XL:     7   Next: 9%
MP:   7/7           EV: 13    Int: 12    God:
Gold: 51            SH:  0    Dex: 13    Spells: 6/6 levels left

rFire   . . .      SeeInvis .   a - +4 halberd (freeze)
rCold   . . .      Faith    .   (shield currently unavailable)
rNeg    . . .      Spirit   .   (helmet restricted)
rPois   .          Reflect  .   (no amulet)
rElec   .          Harm     .   (no ring)
rCorr   .          Rampage  .   (no ring)
Will    .....                   (no ring)
Stlth   +++++.....              (no ring)
HPRegen 0.14/turn               (no ring)
MPRegen 0.10/turn               (no ring)
                                (no ring)
                                (no ring)

@: lightly drained
A: almost no armour, amphibious, 8 rings, camouflage 1, gelatinous body 1,
(nimble swimmer 1), tentacles
a: no special abilities


You were on level 6 of the Dungeon.
You visited 1 branch of the dungeon, and saw 2 of its levels.

You collected 51 gold pieces.

Inventory:

Hand Weapons
 a - a +4 halberd of freezing (weapon)
Wands
 f - a wand of digging (3)
Scrolls
 b - a scroll of fog
 c - a scroll of magic mapping
 d - a scroll of fear


   Skills:
 + Level 3.6 Fighting
 * Level 4.2 Polearms
 + Level 2.4 Dodging
 * Level 10.3 Stealth


You had 6 spell levels left.
You didn't know any spells.
Your spell library contained the following spells:

 Spells                   Type           Power      Damage    Failure   Level
 Poisonous Vapours        Pois/Air       0%         N/A       45%         2
 Corpse Rot               Necr/Pois/Air  0%         N/A       97%         4


Dungeon Overview and Level Annotations

Branches:
Dungeon (6/15)
 Temple: D:4-7

Altars:

Shops:
D:5 (([*(


Innate Abilities, Weirdness & Mutations

You cannot wear most types of armour.
You are amphibious.
You can wear up to eight rings at the same time.
Your skin changes colour to match your surroundings (Stealth+).
Your rubbery body absorbs attacks. (AC +1, EV +1)
((You are camouflaged when in or above water. (Stealth+)))
You have tentacles for arms and can constrict up to eight enemies at once.


Message History

You impale the iguana!!
The iguana seems to slow down.
You freeze the iguana.
You kill the iguana!
Your Polearms skill increases to level 4!
No target in view!
No target in view!
You see here an iguana corpse.
There is an open door here.
Found a ring mail.
You see here a +0 spear.
Done exploring.
Done exploring.
There is a stone staircase leading down here.
You climb downwards.
You hear the sound of rushing water.
There is an entrance to a sewer on this level.
Hurry and find it before the portal rusts away!
Found an escape hatch in the ceiling.
There is a stone staircase leading up here.
You reach to attack!
The helpless wight fails to defend itself.
You impale the wight!! You freeze the wight.
You destroy the wight!
You have reached level 7!
You reach to attack!
The helpless wight fails to defend itself.
You slash the wight! You freeze the wight.
The wight is severely damaged.
The wight barely misses you.
You barely miss the wight. You grab the wight. You squeeze the wight!
The wight is heavily damaged.
You constrict the wight. The wight barely misses you.
The wight hits you with a +1 vorpal great sword!
You feel drained.
You hit the wight.
The wight is severely damaged.
You constrict the wight, but do no damage.
The wight hits you from afar with a +0 trident!
The wight hits you with a +1 vorpal great sword.
* * * LOW HITPOINT WARNING * * *
x2 The wight hits you from afar with a +0 trident!
You die...

######
.....
######...
........#
#....<#
#....<#
+..z@##
#.z.)+
#....#
.......
#......z.
#........#
#........#
#........+


You could see 3 wights.

Vanquished Creatures
  A phantom (D:5)
  A scorpion (D:5)
  A wight (D:6)
  5 hounds (D:5)
  A jelly (D:5)
  An orc priest (D:5)
  An iguana (D:5)
  2 orc wizards (D:5)
  An adder (D:5)
  2 orcs (D:5)
  4 jackals (D:5)
20 creatures vanquished.

Notes
Turn   | Place    | Note
-------+----------+-------------------------------------------
     0 | D:5      | purpskrrrp the Octopode Delver began the quest for the Orb.
     0 | D:5      | Reached XP level 1. HP: 16/16 MP: 1/1
    76 | D:5      | Identified a scroll of acquirement
    76 | D:5      | Acquired a +4 halberd of freezing
   128 | D:5      | Noticed a phantom
   137 | D:5      | Killed a phantom
   138 | D:5      | Reached skill level 8 in Stealth
   138 | D:5      | Reached XP level 2. HP: 13/21 MP: 2/2
   138 | D:5      | Reached XP level 3. HP: 16/26 MP: 3/3
   138 | D:5      | Reached XP level 4. HP: 19/31 MP: 4/4
   509 | D:5      | Found Weocob's Antique Weapon Shoppe.
   631 | D:5      | Noticed a scorpion
   634 | D:5      | Reached skill level 9 in Stealth
   634 | D:5      | Reached XP level 5. HP: 24/36 MP: 5/5
   731 | D:5      | Reached XP level 6. HP: 42/42 MP: 6/6
   770 | D:5      | Found Ytogiy Teib's Assorted Antiques.
   795 | D:5      | Found Hisiniz's Antique Weapon Boutique.
   865 | D:5      | Found Ygguceiluo's Armour Shop.
   871 | D:5      | Found Himuushro's Weapon Boutique.
   997 | D:5      | Reached skill level 10 in Stealth
  1288 | D:6      | Reached XP level 7. HP: 46/46 MP: 7/7
  1291 | D:6      | Slain by a wight

Illustrated notes

Levels and vault maps discovered:
D:5:      minmay_evil_eye, layout_basic, serial_shops, nicolae_diamond_shop,
          shop_fountains, shop, shop, nicolae_shop_advertising_works
          [nicolae_subvault_shop_adworks]
D:6:      layout_basic, minitemple, minmay_temple_entry_mist,
          cheibrodos_sewer_entry_bend, uniq_blork_the_orc, uniq_prince_ribbit1

Skill      XL: |  1  2  3  4  5  6 |
---------------+-------------------+-----
Stealth        | 8 9 10 | 10.3
Polearms       | 3 4 |  4.2
Fighting       | |  3.6
Dodging        | |  2.4

Action                   |  1- 3 |  4- 6 |  7- 9 || total
-------------------------+-------+-------+-------++-------
Melee: Halberd           |     6 |    34 |     3 ||    43
       Tentacles         |     3 |     5 |     1 ||     9
       Constrict         |       |     5 |     1 ||     6
  Use: Scroll            |     1 |       |       ||     1
       Potion            |       |     2 |       ||     2
 Stab: Sleeping          |       |    10 |     1 ||    11
Armor: Skin              |       |     1 |       ||     1
Dodge: Dodged            |     5 |    19 |     2 ||    26

Table legend: (Time is in decaauts)
 A = Elapsed time spent in this place.
 B = Non-inter-level travel time spent in this place.
 C = Inter-level travel time spent in this place.
 D = Time resting spent in this place.
 E = Time spent auto-exploring this place.
 F = Levels seen in this place.
 G = Mean time per level.
                   A        B        C        D        E       F      G
               +--------+--------+--------+--------+--------+-----+--------+
         Total |   1285 |   1285 |      0 |    251 |    576 |   2 |  642.5 |
       Dungeon |   1285 |   1285 |      0 |    251 |    576 |   2 |  642.5 |
               +--------+--------+--------+--------+--------+-----+--------+

Top non-repeatable levels by time:
     D:5: 1280 daAuts
     D:6: 5 daAuts
